 Dungeon Crawl Stone Soup version 0.17-a0-83-g894156c (webtiles) character file.

118 squibie the Slasher (level 4, -2/36 HPs)
             Began as a Demigod Gladiator on Mar 16, 2015.
             Slain by Sigmund
             ... wielding a +0 scythe
              (12 damage)
             ... on level 2 of the Dungeon.
             The game lasted 00:05:47 (1846 turns).

squibie the Slasher (Demigod Gladiator)             Turns: 1846, Time: 00:05:47

Health: -2/36      AC:  6    Str: 18    XL:     4   Next: 45%
Magic:  7/7        EV: 12    Int: 12    God:
Gold:   78         SH:  0    Dex: 18    Spells: 0 memorised, 3 levels left

rFire  . . .     SeeInvis .     a - +0 long sword
rCold  . . .     Clarity  .     q - +0 ring mail
rNeg   . . .     SustAb   +     (no shield)
rPois  .         Gourm    .     c - +0 helmet
rElec  .         Spirit   .     (no cloak)
rCorr  .         Warding  .     (no gloves)
rMut   .         Stasis   .     (no boots)
MR     .....                    (no amulet)
Stlth  ..........               (no ring)
                                g - -3 ring of slaying (curse)

@: confused, not resistant to hostile enchantments, extremely unstealthy
A: sustain abilities
a: no special abilities


You were on level 2 of the Dungeon.
You were not hungry.

You visited 1 branch of the dungeon, and saw 2 of its levels.

You collected 78 gold pieces.

Inventory:

Hand weapons
 a - a +0 long sword (weapon)
 p - a +0 short sword of protection
Missiles
 d - 2 throwing nets (quivered)
 s - 5 curare-tipped needles
Armour
 b - a +0 leather armour
 c - a +0 helmet (worn)
 k - a +0 helmet
 q - a +0 ring mail (worn)
Jewellery
 g - a cursed -3 ring of slaying (left hand)
Magical devices
 o - a wand of fireball (2)
Scrolls
 h - a scroll of amnesia {unknown}
 i - a scroll of identify {unknown}
 j - a scroll of teleportation
 n - a scroll of remove curse {unknown}
Potions
 e - a potion of might {unknown}
 m - a potion of haste {unknown}
 r - a potion of brilliance {unknown}
 t - a potion of curing
Comestibles
 f - 2 bread rations


   Skills:
 - Level 1.7 Fighting
 + Level 4.8 Long Blades
 - Level 1.7 Throwing
 - Level 0.1 Armour
 - Level 3.0 Dodging


You had 3 spell levels left.
You didn't know any spells.

Dungeon Overview and Level Annotations

Branches:
Dungeon (2/15)

Annotations:
D:2 Sigmund


Innate Abilities, Weirdness & Mutations

Your attributes are resistant to harm.


Message History

You hear some strange, mumbled words.
The puff of flame misses you. Something hits you!
Items here: " ( ) [ †† You miss something.
You hear some strange, mumbled words.
Something tries to affect you, but you resist.
You closely miss something. Something hits you but does no damage.
You barely miss something. Something hits you.
You closely miss something.
You hear some strange, mumbled words.
You are confused.
You bump into the rock wall.
Something hits you.
You bump into the rock wall.
You bump into the rock wall.
You hear some strange, mumbled words.
The puff of flame hits you!
* * * LOW HITPOINT WARNING * * *
You miss something. Something hits you!
You die...

.....# ######.###.....#..........
.....# #...##.###.....#..........
.....###...##...(.....+..........
...........#..........######.....
...........'.....................
...........#)....###########.....
................<.......# ######
........#'######(######.#
.....#### #@# #.# ###### ####.##
#.# . #g..g.# #.# .. ...........#
#.# ... ..........# #.######...
).........# #..........
..........# #####......
.........# ######......
....########...........


You could see a hobgoblin.

Vanquished Creatures
  Robin (D:2)
  3 adders (D:2)
  2 worms (D:2)
  A giant gecko (D:1)
  A ball python (D:2)
  8 bats
  4 giant cockroaches
  16 goblins
  8 hobgoblins
  6 kobolds
  A quokka (D:2)
  2 giant newts (D:1)
  9 rats
62 creatures vanquished.

Notes
Turn   | Place    | Note
--------------------------------------------------------------
     0 | D:1      | squibie, the Demigod Gladiator, began the quest for the Orb.
     0 | D:1      | Reached XP level 1. HP: 17/17 MP: 2/2
   152 | D:1      | Reached skill level 3 in Dodging
   198 | D:1      | Reached XP level 2. HP: 15/24 MP: 3/3
  1050 | D:2      | Reached XP level 3. HP: 29/29 MP: 5/5
  1108 | D:2      | Reached skill level 4 in Long Blades
  1307 | D:2      | Noticed Robin
  1517 | D:2      | Reached XP level 4. HP: 31/36 MP: 7/7
  1601 | D:2      | Killed Robin
  1816 | D:2      | Noticed Sigmund
  1846 | D:2      | Slain by Sigmund

Action                   |  1- 3 |  4- 6 || total
-------------------------+-------+-------++-------
Melee: Long sword        |   137 |    68 ||   205
Throw: Throwing net      |     2 |     1 ||     3
  Use: Potion            |     2 |       ||     2
       Scroll            |     1 |       ||     1
 Stab: Sleeping          |     2 |       ||     2
       Held in net/web   |     1 |     2 ||     3
  Eat: Chunk             |     1 |     2 ||     3
